 Dungeon Crawl Stone Soup version 0.30-a0-802-gb92711bcdf (webtiles) character file.

Game seed: 164006891639120970

4129 cheesebisquit the Purveyor of Pain (level 10, 0/83 HPs)
             Began as a Ghoul Necromancer on Feb 24, 2023.
             Was an Initiate of Kikubaaqudgha.
             Killed from afar by an electric eel (10 damage)
             ... with a bolt of electricity
             ... on level 7 of the Dungeon.
             The game lasted 01:15:56 (15456 turns).

cheesebisquit the Purveyor of Pain (GhNe)          Turns: 15456, Time: 01:15:56

Health: 0/83       AC: 10    Str: 13    XL:     10   Next: 27%
Magic:  16/16      EV: 16    Int: 14    God:    Kikubaaqudgha [......]
Gold:   63         SH:  0    Dex:  9    Spells: 6/19 levels left

rFire   . . .      SeeInvis .    f - staff of death
rCold   + . .      Faith    .    (no shield)
rNeg    + + +      Spirit   .    k - +0 troll leather armour
rPois   ∞          Reflect  .    (no helmet)
rElec   .          Harm     .    a - +2 cloak {Will+}
rCorr   +          Rampage  .    H - +0 pair of gloves
Will    +....                    F - +0 pair of boots
Stlth   +                        B - amulet of magic regeneration
HPRegen 0.00/turn                r - ring of resist corrosion
MPRegen 0.55/turn                w - +5 ring of evasion

@: inhibited regen, studying Unarmed Combat
A: claws 1, cold resistance 1, negative energy resistance 3, inhibited
regeneration, torment resistance 2, devour on kill
a: Renounce Religion


You were on level 7 of the Dungeon.
You worshipped Kikubaaqudgha.
Kikubaaqudgha was noncommittal.
You visited 2 branches of the dungeon, and saw 8 of its levels.

You collected 417 gold pieces.
You spent 354 gold pieces at shops.

Inventory:

Missiles
 h - 3 boomerangs
 u - 3 poisoned darts
 y - a throwing net
 z - 49 stones
Armour
 a - a +2 cloak of willpower (worn)
 c - a +0 kite shield
 i - a +0 plate armour
 k - a +0 troll leather armour (worn)
 E - the +1 robe of Jiack {rElec rF- rN+ Regen+}
   (You bought it in a shop on level 2 of the Dungeon)

   rF:        It makes you vulnerable to fire.
   rElec:     It insulates you from electricity.
   rN:        It protects you from negative energy.
   Regen:     It increases your rate of health regeneration.
 F - a +0 pair of boots (worn)
 H - a +0 pair of gloves (worn)
Magical Staves
 f - a staff of death (weapon)
Jewellery
 r - a ring of resist corrosion (left hand)
 w - a +5 ring of evasion (right hand)
 B - an amulet of magic regeneration (around neck)
 G - an amulet of reflection
Wands
 m - a wand of roots (4)
 o - a wand of flame (6)
 C - a wand of charming (15)
Scrolls
 l - 3 scrolls of vulnerability
 q - 2 scrolls of identify
 t - a scroll of amnesia {unknown}
 v - a scroll of torment {unknown}
 x - a scroll of blinking {unknown}
 A - a scroll of noise {unknown}
 D - a scroll of summoning {unknown}
 J - a scroll of teleportation
Potions
 j - a potion of degeneration {unknown}
 n - 2 potions of brilliance
 p - a potion of attraction
 s - a potion of mutation
 I - a potion of lignification


   Skills:
 + Level 5.9 Fighting
 + Level 5.0 Staves
 - Level 4.5 Armour
 - Level 1.7 Dodging
 - Level 2.1 Stealth
 - Level 4.3 Shields
 + Level 5.0 Spellcasting
 + Level 7.0 Necromancy
 + Level 5.0 Evocations


You had 6 spell levels left.
You knew the following spells:

 Your Spells              Type           Power      Damage    Failure   Level
a - Necrotise             Necr           100%       1d9       1%          1
b - Vampiric Draining     Necr           34%        2d8       3%          3
c - Animate Dead          Necr           34%        N/A       12%         4
d - Agony                 Necr           34%        N/A       32%         5

Your spell library contained the following spells:

 Spells                   Type           Power      Damage    Failure   Level
 Scorch                   Fire           6%         2d5       32%         2
 Call Canine Familiar     Summ           3%         N/A       54%         3
 Dazzling Flash           Conj/Hex       6%         N/A       54%         3
 Portal Projectile        Hex/Tloc       6%         N/A       54%         3
 Flame Wave               Conj/Fire      3%         2d5       91%         4
 Iskenderun's Mystic Bla  Conj/Tloc      3%         2d3       91%         4
 Leda's Liquefaction      Hex/Erth       1%         N/A       91%         4
 Starburst                Conj/Fire      1%         6d3       100%        6
 Summon Cactus Giant      Summ           1%         N/A       100%        6


Dungeon Overview and Level Annotations

Branches:
Dungeon (7/15)             Temple (1/1) D:6

Altars:
Cheibriados
Dithmenos
Fedhas
Gozag
Hepliaklqana
Kikubaaqudgha
Makhleb
Nemelex Xobeh
Okawaru
Qazlal
Ru
Sif Muna
Trog
Uskayaw
Vehumet
Wu Jian
Xom

Shops:
D:2 ***=   D:3 (   D:5 [


Innate Abilities, Weirdness & Mutations

You are immune to poison.
You have sharp fingernails.
Your flesh is cold resistant. (rC+)
You are immune to negative energy. (rN+++)
You do not regenerate when monsters are visible.
You are immune to unholy pain and torment.
You thrive by killing the living.


Message History

You swap places.
An electric eel comes into view.
You enter the shallow water.
Moving in this stuff is going to be slow.
A black bear and an electric eel come into view.
The black bear growls angrily.
The electric eel shoots out a bolt of lightning at you!
The bolt of electricity hits you!
You feel a surge of power!
The electric eel writhes in agony.
You feel a surge of power!
The electric eel writhes in agony.
The electric eel shoots out a bolt of lightning at you!
The bolt of electricity hits you!
The bolt of electricity hits your gnoll zombie! x2
Your gnoll zombie is destroyed!
The bolt of electricity hits your gnoll zombie!
Your gnoll zombie is destroyed!
The bolt of electricity hits you!
You miss the electric eel.
The electric eel is moderately wounded.
The electric eel shoots out a bolt of lightning at you!
The bolt of electricity hits the electric eel.
The electric eel completely resists.
The bolt of electricity hits you.
The electric eel shoots out a bolt of lightning at you!
The bolt of electricity misses you.
The bolt of electricity hits your gnoll zombie! x2
Your gnoll zombie is destroyed!
The bolt of electricity hits you!
The electric eel shoots out a bolt of lightning at you!
The bolt of electricity hits you! The bolt of electricity hits you.
The electric eel shoots out a bolt of lightning at you!
The bolt of electricity hits the electric eel.
The electric eel completely resists.
The bolt of electricity hits you!
* * * LOW HITPOINT WARNING * * *
The bolt of electricity hits you!
* * * LOW HITPOINT WARNING * * *
The electric eel shoots out a bolt of lightning at you!
The bolt of electricity hits the electric eel.
The electric eel completely resists.
The bolt of electricity hits you!
You die...
Kikubaaqudgha rasps: "You have failed me!
Welcome... oblivion!"

.≈~~~~.##
#~~~#.########.#
#~≈~#~~.##
#~~##..........#
##.###~~~#
##~##.###..#####
#...#...~#
#####.###......#
.........###....##
#.#.#.##
.........#.'....#
#.#.#..#
.........'.'....#
#.#....#
.........###....##
#.###.##
#...#....#
#####@###.# ###
##.###.~##
##~##.## #~~~#.~~#
#~S##..# .~~~~~~##
#~~~#.>###
~~.~#.##
#~~~#....# ~.#..#
#~S~##.#.### P #.#
~~~≈#..#...# .#
≈~~≈≈#.####.#
≈≈≈≈~~#.# #.#


You could see 2 electric eels.

Vanquished Creatures
  A two-headed ogre (D:6)
  A troll (D:6)
  Grinder (D:5)
  A hornet (D:5)
  3 water moccasins (D:6)
  An orc warrior (D:6)
  3 ice beasts
  A sky beast (D:5)
  2 black bears
  3 centaurs
  A phantom (D:6)
  A bullfrog (D:6)
  2 necrophages
  2 scorpions
  A wight (D:6)
  2 howler monkeys
  An electric eel (D:7)
  A jelly (D:6)
  6 hounds
  Crazy Yiuf (D:5)
  3 orc priests
  4 gnoll boudas
  3 iguanas
  4 orc wizards
  23 gnolls
  12 adders
  A river rat (D:4)
  A shadow imp (D:7)
  3 white imps
  2 ufetubi
  An adder skeleton (D:3)
  An adder zombie (D:3)
  3 worms
  4 dart slugs
  22 orcs
  12 ball pythons
  9 bats
  9 endoplasms
  5 giant cockroaches
  14 hobgoblins
  3 quokkas
  A ball python skeleton (D:3)
  A ball python zombie (D:3)
  7 frilled lizards
  5 goblins
  7 kobolds
  A quokka skeleton (D:3)
  4 rats
200 creatures vanquished.

Vanquished Creatures (collateral kills)
  An orc priest (D:7)
  A jelly (D:6)
  A gnoll (D:7)
  A white imp (D:6)
  An orc (D:7)
  An endoplasm (D:1)
6 creatures vanquished.

Vanquished Creatures (others)
  A centaur zombie (D:6)
  A jelly zombie (D:6)
  2 adder zombies (D:6)
  6 gnoll zombies (D:7)
  13 fungi (D:3)
  2 withered plants (D:3)
25 creatures vanquished.

Grand Total: 231 creatures vanquished

Notes
Turn   | Place    | Note
-------+----------+-------------------------------------------
     0 | D:1      | cheesebisquit the Ghoul Necromancer began the quest for the
                  | Orb.
     0 | D:1      | Reached XP level 1. HP: 14/14 MP: 2/2
   311 | D:1      | Reached XP level 2. HP: 20/20 MP: 1/3
   606 | D:1      | Reached XP level 3. HP: 27/27 MP: 5/5
   772 | D:1      | Found a faded altar of an unknown god.
   786 | D:1      | Reached skill level 1 in Fighting
   832 | D:1      | Reached skill level 1 in Armour
  1261 | D:2      | Found Xusoc's Assorted Antiques.
  1425 | D:2      | Reached skill level 1 in Shields
  1425 | D:2      | Reached XP level 4. HP: 35/35 MP: 6/6
  1454 | D:2      | Found Ugopas's Jewellery Emporium.
  1710 | D:2      | Reached skill level 1 in Evocations
  1897 | D:2      | Found Doosak's Assorted Antiques.
  1906 | D:2      | Reached skill level 1 in Staves
  2000 | D:2      | Found Miuhaith's General Store.
  2933 | D:2      | Reached XP level 5. HP: 21/40 MP: 7/7
  3387 | D:2      | Bought a potion of heal wounds for 80 gold pieces
  3475 | D:3      | Found Zolinasm's Antique Weapon Emporium.
  4981 | D:3      | Learned a level 3 spell: Vampiric Draining
  4986 | D:3      | Learned a level 4 spell: Animate Dead
  5060 | D:2      | Bought a scroll labelled LEOGRI BATULI for 16 gold pieces
  5060 | D:2      | Bought a scroll labelled LIEXEA JYOJA for 16 gold pieces
  5084 | D:2      | Bought a scroll labelled JYHOCL SEOST for 21 gold pieces
  5084 | D:2      | Bought a viscous clear potion for 18 gold pieces
  5084 | D:2      | Bought a scroll labelled LIEXEA JYOJA for 21 gold pieces
  5277 | D:3      | Reached XP level 6. HP: 48/48 MP: 8/8
  6382 | D:5      | Entered Level 5 of the Dungeon
  6583 | D:4      | Reached XP level 7. HP: 56/56 MP: 10/10
  6687 | D:5      | Found a glowing drain.
  7079 | D:5      | Reached skill level 5 in Necromancy
  7236 | D:5      | Noticed Grinder
  7237 | D:5      | Paralysed by Grinder for 5 turns
  7365 | D:5      | Paralysed by Grinder for 4 turns
  7372 | D:5      | Killed Grinder
  7373 | D:5      | Reached XP level 8. HP: 54/63 MP: 11/11
  7606 | D:2      | Bought a potion of attraction for 42 gold pieces
  7702 | D:5      | Found a runed translucent door.
  7703 | D:5      | Noticed Crazy Yiuf
  8027 | D:5      | Learned a level 5 spell: Agony
  8547 | D:5      | Noticed a hornet
  8558 | D:5      | Killed a hornet
  8906 | D:5      | Found Viobb's Armour Emporium.
  8914 | D:5      | Bought a +0 pair of boots for 49 gold pieces
  8960 | D:5      | Found a bloodstained altar of Trog.
  9320 | D:6      | Found a staircase to the Ecumenical Temple.
  9961 | D:5      | Reached XP level 9. HP: 43/71 MP: 13/13
 10578 | Temple   | Entered the Ecumenical Temple
 10744 | Temple   | Became a worshipper of Kikubaaqudgha
 10815 | D:6      | Reached skill level 6 in Necromancy
 11685 | D:6      | Found an iron altar of Okawaru.
 11685 | D:6      | Found a sparkling altar of Nemelex Xobeh.
 12023 | D:6      | Noticed a troll
 12768 | D:6      | Noticed a two-headed ogre
 13298 | D:6      | Reached skill level 5 in Fighting
 13331 | D:6      | Killed a troll
 13806 | D:6      | Found a staircase to the Ecumenical Temple.
 13854 | D:6      | Killed a two-headed ogre
 13855 | D:6      | Reached XP level 10. HP: 71/83 MP: 12/16
 13899 | D:6      | Found an iron altar of Okawaru.
 13899 | D:6      | Found a sparkling altar of Nemelex Xobeh.
 14867 | D:2      | Bought a creamy pearl robe for 91 gold pieces
 14867 | D:2      | Identified the +1 robe of Jiack {rElec rF- rN+ Regen+} (You
                  | bought it in a shop on level 2 of the Dungeon)
 15009 | D:5      | Killed Crazy Yiuf
 15245 | D:7      | Reached skill level 5 in Staves
 15245 | D:7      | Reached skill level 7 in Necromancy
 15382 | D:7      | Reached skill level 5 in Spellcasting
 15382 | D:7      | Reached skill level 5 in Evocations
 15456 | D:7      | Killed from afar by an electric eel

Illustrated notes

Levels and vault maps discovered:
D:1:      psy_arrival_spokes, layout_loops_cross, basic_ecumenical_altar
D:2:      layout_rooms, serial_shops, nicolae_shop_statue_plus,
          nicolae_shop_statue_plus, nicolae_shop_overgrown_old_shop, shop
D:3:      layout_loops_ring, serial_shops, nicolae_shop_window_shopping,
          serial_undead, serial_undead_c, serial_undead_a, serial_undead_e,
          serial_undead_f, dreamdust_mushroom_princess
D:4:      layout_loops_ring
D:5:      layout_loops_ring, mainiacjoe_overflow_brackets, portal_sewer_entry_c,
          serial_shops, shop, uniq_grinder, uniq_crazy_yiuf_cottage
D:6:      kennysheep_windowed_halls, layout_basic,
          mainiacjoe_overflow_large_starburst, minmay_temple_entry_wispy
D:7:      wad_lake_hut, layout_basic, minmay_fractal_squares_gapless_5
Temple:   nicolae_temple_bog_church

Skill      XL: |  1  2  3  4  5  6  7  8  9 10 |
---------------+-------------------------------+-----
Spellcasting   | 2 3 4 5 |  5.0
Fighting       | 1 2 3 4 5 |  5.9
Armour         | 1 2 3 4 |  4.5
Shields        | 1 2 3 4 |  4.3
Evocations     | 1 2 3 4 5 |  5.0
Staves         | 1 2 3 4 5 |  5.0
Necromancy     | 5 6 7 |  7.0
Dodging        | |  1.7
Stealth        | |  2.1

Action                     |  1- 3 |  4- 6 |  7- 9 | 10-12 || total
---------------------------+-------+-------+-------+-------++-------
  Melee: Staff             |   133 |   444 |   738 |    46 ||  1361
         Punch             |       |       |     1 |     1 ||     2
  Throw: Stone             |    10 |    33 |       |       ||    43
         Dart              |     9 |    21 |       |       ||    30
         Boomerang         |       |    55 |    78 |       ||   133
   Cast: Necrotise         |    13 |       |    45 |    18 ||    76
         Animate Dead      |       |       |     1 |     1 ||     2
  Evoke: Wand              |       |       |     8 |       ||     8
    Use: Potion            |     3 |     4 |     5 |       ||    12
         Scroll            |       |     9 |     7 |       ||    16
   Stab: Invisible         |     1 |       |       |       ||     1
         Distracted        |       |       |     1 |     1 ||     2
 Armour: Ring mail         |    19 |       |       |       ||    19
         Chain mail        |    66 |   216 |       |       ||   282
         Plate armour      |       |    45 |   421 |       ||   466
         Robe              |       |       |    24 |       ||    24
         Troll leather arm |       |       |     5 |    23 ||    28
  Dodge: Dodged            |    35 |   125 |   375 |    54 ||   589
  Block: Kite shield       |    49 |   158 |   278 |       ||   485

Table legend: (Time is in decaauts)
 A = Elapsed time spent in this place.
 B = Non-inter-level travel time spent in this place.
 C = Inter-level travel time spent in this place.
 D = Time resting spent in this place.
 E = Time spent auto-exploring this place.
 F = Levels seen in this place.
 G = Mean time per level.
                   A        B        C        D        E       F      G
               +--------+--------+--------+--------+--------+-----+--------+
         Total |  15924 |  14506 |   1418 |   4934 |   5459 |   8 | 1990.5 |
       Dungeon |  15737 |  14345 |   1392 |   4934 |   5316 |   7 | 2248.1 |
        Temple |    187 |    161 |     26 |      0 |    143 |   1 |  187.0 |
               +--------+--------+--------+--------+--------+-----+--------+

Top non-repeatable levels by time:
     D:6: 4576 daAuts
     D:5: 2971 daAuts
     D:3: 2204 daAuts
     D:2: 2155 daAuts
     D:4: 1898 daAuts
     D:1: 1390 daAuts
     D:7: 541 daAuts
  Temple: 187 daAuts
